 Dungeon Sprint DCSS version 0.31-a0-664-g902f515a81 (webtiles) character file.

Game seed: 17225615872985728057

63 rocky1 the Ruffian (level 4, -8/32 HPs)
             Began as a Djinni Shapeshifter on Sept 3, 2023.
             Was an Initiate of Gozag.
             Killed from afar by a white imp (16 damage)
             ... with a puff of frost
             ... in the Dungeon (Sprint VII: "The Pits").
             The game lasted 00:00:32 (302 turns).

rocky1 the Ruffian (Djinni Shapeshifter)             Turns: 302, Time: 00:00:33

Health: -8/32      AC:  2    Str: 15    XL:     4   Next: 31%
Gold:   189        EV: 13    Int: 11    God:    Gozag SH:  0 Dex: 13

rFire   + +          .
                       - Unarmed
rCold   x . .        (no shield)
rNeg    . . .        a - +0 animal skin
rPois   ∞            (helmet currently unavailable)
rElec   .            (cloak currently unavailable)
rCorr   .            (gloves currently unavailable)
SInv    .            (boots unavailable)
Will    .....        (no amulet)
Stlth   +            (no ring)
HPRegen 0.25/turn    (no ring)
MPRegen 0.00/turn

%: no teleportation, infuse magic (-9 HP)
@: beast-form, gold aura, flying
A: beast (slay +3), flying, sickness immunity, fire resistance 2, cold
vulnerability 1, float, innate caster, HP casting, extra vitality 1
a: Begin Untransformation, Renounce Religion, Potion Petition, Call Merchant,
Bribe Branch


You were in the Dungeon.
You worshipped Gozag.
Gozag was aware of your devotion.
You were a hulking beast.
You visited 1 branch You collected 189 gold pieces.

Inventory:

Armour
 a - a +0 animal skin (worn)
Talismans
 c - a beast talisman (active)
 d - a flux talisman
Scrolls
 i - a scroll of blinking
 k - 2 scrolls of vulnerability
 l - a scroll of summoning
Potions
 b - a potion of lignification
 e - a potion of curing
 f - a potion of heal wounds
 g - a potion of haste
 h - 3 potions of berserk rage
 j - 2 potions of invisibility


   Skills:
 + Level 1.3 Fighting
 + Level 3.2 Dodging
 + Level 5.6 Unarmed Combat
 + Level 5.2 Shapeshifting


You knew the following spells:

 Your Spells              Type           Power      Damage    Failure   Level
a - Slow                  Hex            0%         N/A       34%         1
Your spell library was empty.

Dungeon Overview and Level Annotations

Branches:
Dungeon (1/1)

Altars:
Ashenzari
Cheibriados
Dithmenos
Elyvilon
Fedhas
Gozag
Hepliaklqana
Makhleb
Nemelex Xobeh
Okawaru
Qazlal
Ru
Trog
Uskayaw
Wu Jian
Xom
Yredelemnul
Zin
The Shining One
Jiyva
Lugonu


Innate Abilities, Weirdness & Mutations

You are a hulking beast.
Your limbs bulge with bestial killing power. (Slay +3)
You are flying.
You are immune to sickness and miasma.
You are immune to poison.
Your flesh is very heat resistant. (rF++)
You are vulnerable to cold. (rC-)
You float through the air rather than walking.
You learn spells naturally, not from books.
Your magical power is your life essence.
You have superior vitality. (+4 MHP)


Message History

The white imp shouts, "Take thy face hence, thou weedy wibble-sucking slime mould!"
The jackal barks!
There is a large open door here.
The ufetubus hits you. x2
The ufetubus attacks as it pursues you! The ufetubus hits you. x2
The jackal barely misses you. The ufetubus misses you.
The ufetubus closely misses you.
You miss the ufetubus. The jackal bites you. The ufetubus misses you.
The ufetubus barely misses you. The ufetubus attacks as it pursues you!
The ufetubus hits you.
The ufetubus hits you but does no damage.
The jackal bites you. The ufetubus barely misses you. The ufetubus hits you.
There is an open door, spattered with blood here.
You see here a +0 short sword.
The jackal attacks as it pursues you! The jackal barely misses you.
You hit the jackal.
The jackal is severely wounded.
The jackal bites you.
The jackal bites you but does no damage.
You barely miss the jackal.
The jackal is severely wounded.
The jackal barely misses you.
You completely miss the jackal. You punch the jackal.
You kill the jackal!
You punch the jackal!
You kill the jackal!
The white imp gestures at you. The puff of frost misses you.
The white imp gestures at you. The puff of frost hits you!
You feel a terrible chill!
* * * LOW HITPOINT WARNING * * *
You see here 108 gold pieces.
You punch the white imp!
The white imp is severely wounded.
The white imp gestures at you. The puff of frost hits you!
You feel a terrible chill!
Ouch! That really hurt!
You die...
Your body crumbles into a pile of gold.

##########'##...........
#.?(!')))'.##......#..#.
##########.##...........
#...........'...........
#+#####)#####......#..#.
#.B#...'.##...........
#..#...#.#####'#####++
#..#####.##.......#
#..'...#h##.......#
#..'..55.##.......#
#..########...<...# #..
#.......# #.. #.......#
### #.......# #########


You could see a white imp and an ufetubus.

Vanquished Creatures
  A scorpion (D)
  An orc (D)
  2 jackals (D)
  A quokka (D)
  A ball python (D)
  A kobold (D)
7 creatures vanquished.

Notes
Turn   | Place    | Note
-------+----------+-------------------------------------------
     0 | D        | rocky1 the Djinni Shapeshifter began the quest for the Orb.
     0 | D        | Reached XP level 1. HP: 17/17 MP: 0/0
    17 | D        | Noticed a scorpion
    30 | D        | Killed a scorpion
    31 | D        | Reached skill level 5 in Unarmed Combat
    31 | D        | Reached skill level 5 in Shapeshifting
    31 | D        | Reached XP level 2. HP: 8/22 MP: 0/0
    31 | D        | Reached XP level 3. HP: 10/27 MP: 0/0
    31 | D        | Learned a level 1 spell: Slow
    31 | D        | Reached XP level 4. HP: 12/32 MP: 0/0
    35 | D        | Found a bloodstained altar of Trog.
    35 | D        | Found a viscous altar of Jiyva.
    35 | D        | Found a hazy altar of Hepliaklqana.
    35 | D        | Found an opulent altar of Gozag.
    36 | D        | Found a glowing golden altar of the Shining One.
    36 | D        | Found a glowing silver altar of Zin.
    36 | D        | Found a basalt altar of Yredelemnul.
    36 | D        | Found a shimmering altar of Xom.
    36 | D        | Found an ornate altar of the Wu Jian Council.
    36 | D        | Found a sacrificial altar of Ru.
    36 | D        | Found a stormy altar of Qazlal.
    36 | D        | Found an iron altar of Okawaru.
    36 | D        | Found a sparkling altar of Nemelex Xobeh.
    36 | D        | Found a burning altar of Makhleb.
    36 | D        | Found a blossoming altar of Fedhas.
    36 | D        | Found a white marble altar of Elyvilon.
    36 | D        | Found a shadowy altar of Dithmenos.
    36 | D        | Found a snail-covered altar of Cheibriados.
   110 | D        | Found a corrupted altar of Lugonu.
   111 | D        | Found a hide-covered altar of Uskayaw.
   111 | D        | Found a broken altar of Ashenzari.
   115 | D        | Became a worshipper of Gozag Ym Sagoz the Greedy
   302 | D        | Killed from afar by a white imp

Illustrated notes

Levels and vault maps discovered:
D:        pitsprint [storerooms_1, entrance_room_1, metal_vault_6, armoury_1,
          mini_pit_1, grid_room_1, main_hall_1, silver_pit, the_coven_3,
          the_vestibule_1, steel_vault_4, golden_pit, hallway_of_sentries,
          crystal_vault_5, iron_vault_4, final_vault]

Skill      XL: |  1 |
---------------+----+-----
Dodging        | 3 |  3.2
Unarmed Combat | 5 |  5.6
Shapeshifting  | 5 |  5.2
Fighting       | |  1.3

Action                     |  1- 3 |  4- 6 || total
---------------------------+-------+-------++-------
  Melee: Unarmed           |    12 |    15 ||    27
         Punch             |     1 |     1 ||     2
 Armour: Animal skin       |     7 |    16 ||    23
  Dodge: Dodged            |     6 |    10 ||    16

Table legend: (Time is in decaauts)
 A = Elapsed time spent in this place.
 B = Non-inter-level travel time spent in this place.
 C = Inter-level travel time spent in this place.
 D = Time resting spent in this place.
 E = Time spent auto-exploring this place.
 F = Levels seen in this place.
 G = Mean time per level.
                   A        B        C        D        E       F      G
               +--------+--------+--------+--------+--------+-----+--------+
         Total |    299 |    299 |      0 |    186 |      0 |   1 |  299.0 |
       Dungeon |    299 |    299 |      0 |    186 |      0 |   1 |  299.0 |
               +--------+--------+--------+--------+--------+-----+--------+

Top non-repeatable levels by time:
       D: 299 daAuts
